General information
- name: exl.tiran P:|| L:15
- type: Custom game
- host: exl.tiran
- saver: SFoS.Dreamer
map: EchoIsles
- players: 4
- length: 10:47
- speed: Fast
- version: 1.24 W3XP
- replay type: Public
» download(88 KB)
Players
team 1 (loser)
SFoS.Dreamer (
yellow | 333 APM | 3596 actions | 10:47)
2 Blademaster
1 Wind Walk
1 Critical Strike
2 Tauren Chieftain
1 Endurance Aura
1 Shockwave
» actions
| Assign group hotkey | 49 | |
| Basic commands | 3 | |
| Build / train | 43 | |
| ESC pressed | 1 | |
| Enter build submenu | 9 | |
| Enter hero's abilities submenu | 4 | |
| Give item / drop item | 3 | |
| Right click | 1177 | |
| Select / deselect | 297 | |
| Select group hotkey | 1944 | |
| Use ability | 66 | |
3596 total
» units
| Peon | 8 | |
| Grunt | 4 | |
| Raider | 4 | |
| Spirit Walker | 3 | |
19 total
» upgrades
| Ensnare | 1 | |
| Spirit Walker Training | 1 | |
2 total
» buildings
| Altar of Storms | 1 | |
| Orc Burrow | 4 | |
| Barracks | 1 | |
| Voodoo Lounge | 1 | |
| Stronghold | 1 | |
| Spirit Lodge | 1 | |
| Beastiary | 1 | |
10 total
» build order
00:04 Altar of Storms
00:14 Orc Burrow
00:36 Barracks
01:36 Orc Burrow
01:51 Voodoo Lounge
03:13 Stronghold
03:28 Orc Burrow
05:39 Spirit Lodge
05:46 Beastiary
06:21 Orc Burrow
» items
| Healing Salve | 5 | |
| Lesser Clarity Potion | 2 | |
| Boots of Speed | 1 | |
| Circlet of Nobility | 1 | |
| Dust of Appearance | 1 | |
| Scroll of Speed | 1 | |
| Potion of Invisibility | 1 | |
| Potion of Lesser Invulnerability | 1 | |
| Scroll of Healing | 2 | |
15 total
team 2 (winner)
Flegontov (
gray | 196 APM | 2115 actions | 10:47)
2 Demon Hunter
1 Mana Burn
1 Evasion
1 Beastmaster
1 Summon Quilbeast
1 Goblin Tinker
1 Pocket Factory
» actions
| Assign group hotkey | 138 | |
| Basic commands | 95 | |
| Build / train | 40 | |
| Enter build submenu | 10 | |
| Enter hero's abilities submenu | 4 | |
| Give item / drop item | 8 | |
| Right click | 766 | |
| Select / deselect | 253 | |
| Select group hotkey | 733 | |
| Use ability | 68 | |
2115 total
» units
| Wisp | 12 | |
| Archer | 1 | |
| Druid of the Talon | 9 | |
22 total
» upgrades
| Druid of the Talon Training | 2 | |
2 total
» buildings
| Altar of Elders | 1 | |
| Moon Well | 4 | |
| Ancient of War | 1 | |
| Tree of Ages | 1 | |
| Ancient of Wonders | 1 | |
| Tree of Eternity | 1 | |
| Ancient of Wind | 2 | |
11 total
» build order
00:05 Altar of Elders
00:19 Moon Well
00:24 Ancient of War
01:45 Moon Well
02:45 Tree of Ages
03:01 Moon Well
03:14 Moon Well
04:03 Ancient of Wonders
05:08 Tree of Eternity
05:19 Ancient of Wind
05:45 Ancient of Wind
» items
| Staff of Teleportation | 1 | |
| Staff of Preservation | 1 | |
| Orb of Venom | 1 | |
| Potion of Healing | 1 | |
4 total
observersexl.tiran,
MLPA.Xypma Chat log
(00:16 / All) SFoS.Dreamer: ?
(00:27 / All) SFoS.Dreamer: играть можно)
(00:28 / All) Flegontov: hz poka
(00:30 / All) Flegontov: vrode norm
(01:28 / All) SFoS.Dreamer: ну чё рекр8?
(01:34 / All) Flegontov: a shas 4e?
(01:36 / All) Flegontov: ne igraetsa?
(01:42 / All) SFoS.Dreamer: ты эльфами?
(01:48 / All) Flegontov: da
(01:49 / All) Flegontov: yje
(01:53 / All) SFoS.Dreamer: ок
(02:53 / All) SFoS.Dreamer: спайки ппц правда
(02:57 / All) Flegontov: lol
(03:05 / All) Flegontov: ti prikolist?
(10:42 / All) SFoS.Dreamer: да пиздец блять